General information
			
			
        
        - name: BNet
 
        - type: Ladder team game (AT/RT)
 
        - host: Battle.net
 
        - saver: BauerPower
 
        
map: GolemsInTheMist 
        - players: 8
 
        - length: 27:53
 
        - speed: Fast
 - version: 1.22 W3XP
 - replay type:  Public
 
» download(241 KB)
Players
        team 1 (loser) 
              
              
ASSGUARDIAN (
pink | 58 APM | 1621 actions | 27:51)
              
 4 Dreadlord 
 2 Carrion Swarm
 2 Vampiric Aura
 3 Death Knight 
 2 Death Coil
 1 Unholy Aura
 
                » actions 
                
                | Assign group hotkey | 61 |  | 
| Build / train | 93 |  | 
| Enter build submenu | 27 |  | 
| Enter hero's abilities submenu | 7 |  | 
| Give item / drop item | 4 |  | 
| Remove unit from queue | 2 |  | 
| Right click | 532 |  | 
| Select / deselect | 271 |  | 
| Select group hotkey | 488 |  | 
| Use ability | 136 |  | 
                1621 total
 » units 
                
                | Acolyte | 7 |  | 
| Ghoul | 14 |  | 
| Frost Wyrm | 14 |  | 
                35 total
 » upgrades
                
                | Cannibalize | 1 |  | 
| Freezing Breath | 1 |  | 
| Creature Attack | 2 |  | 
| Creature Carapace | 1 |  | 
                5 total
 » buildings
                
                | Crypt | 5 |  | 
| Ziggurat | 10 |  | 
| Altar of Darkness | 1 |  | 
| Tomb of Relics | 1 |  | 
| Graveyard | 1 |  | 
| Halls of the Dead | 1 |  | 
| Black Citadel | 1 |  | 
| Sacrificial Pit | 1 |  | 
| Boneyard | 4 |  | 
| Nerubian Tower | 1 |  | 
| Spirit Tower | 1 |  | 
                27 total
 » build order
                00:09 Crypt
00:11 Ziggurat
00:20 Altar of Darkness
00:43 Crypt
00:45 Tomb of Relics
00:59 Crypt
01:08 Ziggurat
01:21 Graveyard
01:32 Crypt
01:48 Ziggurat
02:07 Halls of the Dead
03:03 Ziggurat
04:00 Ziggurat
04:01 Crypt
04:44 Black Citadel
05:21 Ziggurat
05:23 Sacrificial Pit
05:24 Ziggurat
07:24 Boneyard
07:28 Boneyard
07:30 Boneyard
07:31 Boneyard
09:32 Ziggurat
09:33 Ziggurat
09:33 Ziggurat
16:13 Nerubian Tower
16:15 Spirit Tower
» items
                
                | Rod of Necromancy | 2 |  | 
| Dust of Appearance | 2 |  | 
| Sacrificial Skull | 4 |  | 
| Potion of Mana | 7 |  | 
| Potion of Healing | 6 |  | 
| Scroll of Town Portal | 5 |  | 
| Scroll of Healing | 4 |  | 
| Scroll of Speed | 1 |  | 
| Lesser Clarity Potion | 6 |  | 
| Healing Salve | 3 |  | 
                40 total
  
               
              
              
Keeper-Kep (
blue | 57 APM | 1587 actions | 27:48)
              
 3 Blademaster 
 2 Wind Walk
 1 Critical Strike
 
                » actions 
                
                | Assign group hotkey | 24 |  | 
| Basic commands | 3 |  | 
| Build / train | 51 |  | 
| Enter build submenu | 21 |  | 
| Enter hero's abilities submenu | 3 |  | 
| Give item / drop item | 2 |  | 
| Right click | 810 |  | 
| Select / deselect | 264 |  | 
| Select group hotkey | 341 |  | 
| Use ability | 68 |  | 
                1587 total
 » units 
                
                | Peon | 7 |  | 
| Troll Batrider | 11 |  | 
| Raider | 7 |  | 
                25 total
 » upgrades
                
                | Liquid Fire | 1 |  | 
| Ensnare | 1 |  | 
| Armor | 1 |  | 
                3 total
 » buildings
                
                | Altar of Storms | 1 |  | 
| Orc Burrow | 5 |  | 
| Voodoo Lounge | 2 |  | 
| War Mill | 1 |  | 
| Watch Tower | 4 |  | 
| Stronghold | 1 |  | 
| Beastiary | 2 |  | 
| Fortress | 1 |  | 
                17 total
 » build order
                00:07 Altar of Storms
00:18 Orc Burrow
02:23 Voodoo Lounge
02:42 War Mill
04:51 Watch Tower
05:46 Voodoo Lounge
09:16 Stronghold
10:22 Orc Burrow
11:08 Watch Tower
11:10 Watch Tower
11:12 Watch Tower
11:55 Beastiary
12:00 Beastiary
12:48 Orc Burrow
13:06 Fortress
14:39 Orc Burrow
19:58 Orc Burrow
» items
                
                | Healing Salve | 2 |  | 
| Lesser Clarity Potion | 4 |  | 
| Potion of Healing | 3 |  | 
| Orb of Lightning | 1 |  | 
| Scroll of Speed | 1 |  | 
                11 total
  
               
              
              
Keeper-Kot (
red | 44 APM | 1218 actions | 27:26)
              
 3 Blademaster 
 2 Wind Walk
 1 Critical Strike
 
                » actions 
                
                | Assign group hotkey | 2 |  | 
| Basic commands | 322 |  | 
| Build / train | 33 |  | 
| ESC pressed | 3 |  | 
| Enter build submenu | 6 |  | 
| Enter hero's abilities submenu | 3 |  | 
| Give item / drop item | 3 |  | 
| Right click | 480 |  | 
| Select / deselect | 236 |  | 
| Select group hotkey | 43 |  | 
| Use ability | 87 |  | 
                1218 total
 » units 
                » buildings
                
                | Altar of Storms | 1 |  | 
| Orc Burrow | 1 |  | 
| Voodoo Lounge | 4 |  | 
                6 total
 » build order
                00:09 Altar of Storms
00:21 Orc Burrow
04:14 Voodoo Lounge
05:39 Voodoo Lounge
12:53 Voodoo Lounge
18:09 Voodoo Lounge
» items
                
                | Healing Salve | 4 |  | 
| Lesser Clarity Potion | 7 |  | 
| Scroll of Speed | 1 |  | 
| Potion of Healing | 2 |  | 
| Potion of Mana | 1 |  | 
| Orb of Corruption | 1 |  | 
| Orb of Lightning | 1 |  | 
                17 total
  
               
              
              
Y-13 (
purple | 102 APM | 2627 actions | 25:42)
              
 3 Blademaster 
 2 Wind Walk
 1 Critical Strike
 
                » actions 
                
                | Assign group hotkey | 661 |  | 
| Basic commands | 201 |  | 
| Build / train | 32 |  | 
| Enter build submenu | 3 |  | 
| Enter hero's abilities submenu | 3 |  | 
| Give item / drop item | 5 |  | 
| Right click | 1054 |  | 
| Select / deselect | 93 |  | 
| Select group hotkey | 523 |  | 
| Use ability | 52 |  | 
                2627 total
 » units 
                » buildings
                
                | Altar of Storms | 1 |  | 
| Orc Burrow | 1 |  | 
| Voodoo Lounge | 1 |  | 
                3 total
 » build order
                00:10 Altar of Storms
00:16 Orc Burrow
02:11 Voodoo Lounge
» items
                
                | Healing Salve | 3 |  | 
| Lesser Clarity Potion | 4 |  | 
| Scroll of Speed | 3 |  | 
| Orb of Corruption | 1 |  | 
| Potion of Healing | 2 |  | 
| Orb of Lightning | 1 |  | 
                14 total
  
               team 2 (winner) 
              
              
BauerPower (
orange | 106 APM | 2945 actions | 27:53)
              
 6 Warden 
 3 Shadow Strike
 3 Blink
 
                » actions 
                
                | Assign group hotkey | 20 |  | 
| Basic commands | 3 |  | 
| Build / train | 80 |  | 
| Enter build submenu | 15 |  | 
| Enter hero's abilities submenu | 6 |  | 
| Remove unit from queue | 6 |  | 
| Right click | 1880 |  | 
| Select / deselect | 255 |  | 
| Select group hotkey | 586 |  | 
| Use ability | 94 |  | 
                2945 total
 » units 
                » upgrades
                
                | Ultravision | 1 |  | 
| Strength of the Wild | 3 |  | 
| Reinforced Hides | 3 |  | 
| Well Spring | 1 |  | 
| Strength of the Moon | 0 |  | 
                8 total
 » buildings
                
                | Altar of Elders | 1 |  | 
| Moon Well | 6 |  | 
| Tree of Ages | 1 |  | 
| Ancient of Wonders | 2 |  | 
| Ancient of Wind | 2 |  | 
| Hunter's Hall | 1 |  | 
| Tree of Eternity | 1 |  | 
| Tree of Life | 1 |  | 
                15 total
 » build order
                00:20 Altar of Elders
00:31 Moon Well
02:21 Moon Well
05:01 Moon Well
05:02 Moon Well
05:53 Tree of Ages
07:32 Moon Well
07:33 Moon Well
08:35 Ancient of Wonders
09:13 Ancient of Wind
09:19 Hunter's Hall
10:03 Tree of Eternity
12:55 Ancient of Wind
16:51 Tree of Life
17:15 Ancient of Wonders
» items
                
                | Healing Salve | 1 |  | 
| Orb of Lightning | 1 |  | 
| Orb of Venom | 1 |  | 
| Staff of Preservation | 1 |  | 
| Dust of Appearance | 1 |  | 
| Scroll of Regeneration | 1 |  | 
                6 total
  
               
              
              
DevourPowerDour (
yellow | 107 APM | 2975 actions | 27:52)
              
 7 Blademaster 
 3 Wind Walk
 3 Critical Strike
 1 Bladestorm
 
                » actions 
                
                | Assign group hotkey | 163 |  | 
| Basic commands | 8 |  | 
| Build / train | 84 |  | 
| ESC pressed | 10 |  | 
| Enter build submenu | 42 |  | 
| Enter hero's abilities submenu | 7 |  | 
| Give item / drop item | 1 |  | 
| Right click | 1610 |  | 
| Select / deselect | 468 |  | 
| Select group hotkey | 405 |  | 
| Use ability | 177 |  | 
                2975 total
 » units 
                
                | Peon | 22 |  | 
| Wind Rider | 6 |  | 
| Troll Batrider | 22 |  | 
                50 total
 » upgrades
                
                | Spiked Barricades | 2 |  | 
| Reinforced Defenses | 1 |  | 
                3 total
 » buildings
                
                | Altar of Storms | 1 |  | 
| Orc Burrow | 9 |  | 
| War Mill | 1 |  | 
| Watch Tower | 23 |  | 
| Stronghold | 2 |  | 
| Voodoo Lounge | 1 |  | 
| Beastiary | 2 |  | 
| Fortress | 3 |  | 
| Great Hall | 1 |  | 
                43 total
 » build order
                00:02 Altar of Storms
00:11 Orc Burrow
00:20 War Mill
01:41 Watch Tower
01:54 Watch Tower
02:14 Orc Burrow
02:59 Watch Tower
03:00 Stronghold
03:00 Stronghold
03:12 Watch Tower
03:13 Watch Tower
03:54 Orc Burrow
03:55 Voodoo Lounge
04:35 Watch Tower
04:36 Watch Tower
05:24 Beastiary
05:25 Beastiary
05:45 Watch Tower
05:45 Watch Tower
06:10 Watch Tower
06:10 Watch Tower
06:57 Watch Tower
06:58 Watch Tower
08:03 Orc Burrow
08:26 Watch Tower
08:29 Watch Tower
11:37 Fortress
11:37 Fortress
11:47 Watch Tower
13:22 Orc Burrow
13:22 Orc Burrow
13:24 Orc Burrow
15:49 Watch Tower
15:56 Watch Tower
16:12 Watch Tower
16:41 Orc Burrow
16:43 Orc Burrow
16:54 Watch Tower
17:43 Watch Tower
19:06 Watch Tower
19:27 Watch Tower
25:59 Great Hall
» items
                
                | Healing Salve | 3 |  | 
| Lesser Clarity Potion | 5 |  | 
| Scroll of Speed | 2 |  | 
| Potion of Healing | 1 |  | 
                11 total
  
               
              
              
SourFlowerHour (
teal | 107 APM | 2971 actions | 27:52)
              
 5 Mountain King 
 3 Storm Bolt
 2 Bash
 
                » actions 
                
                | Assign group hotkey | 528 |  | 
| Basic commands | 10 |  | 
| Build / train | 83 |  | 
| Enter build submenu | 55 |  | 
| Enter hero's abilities submenu | 5 |  | 
| Give item / drop item | 3 |  | 
| Remove unit from queue | 9 |  | 
| Right click | 1711 |  | 
| Select / deselect | 381 |  | 
| Select group hotkey | 61 |  | 
| Use ability | 125 |  | 
                2971 total
 » units 
                » upgrades
                » buildings
                
                | Altar of Kings | 1 |  | 
| Lumber Mill | 2 |  | 
| Farm | 3 |  | 
| Scout Tower | 40 |  | 
| Arcane Tower | 7 |  | 
| Guard Tower | 21 |  | 
| Arcane Vault | 2 |  | 
| Town Hall | 2 |  | 
                78 total
 » build order
                00:04 Altar of Kings
00:18 Lumber Mill
00:25 Farm
00:56 Farm
01:03 Scout Tower
01:26 Scout Tower
01:31 Arcane Tower
01:33 Scout Tower
01:43 Scout Tower
01:55 Arcane Tower
01:57 Scout Tower
02:01 Guard Tower
02:02 Scout Tower
02:10 Scout Tower
02:25 Guard Tower
02:27 Scout Tower
02:29 Arcane Tower
02:38 Guard Tower
02:46 Scout Tower
02:50 Scout Tower
02:54 Arcane Tower
03:00 Farm
03:01 Guard Tower
03:21 Guard Tower
03:22 Scout Tower
03:42 Scout Tower
04:12 Scout Tower
04:13 Guard Tower
04:42 Guard Tower
04:44 Scout Tower
05:22 Guard Tower
05:24 Scout Tower
05:44 Scout Tower
05:45 Scout Tower
05:48 Arcane Tower
05:49 Scout Tower
05:53 Arcane Vault
05:54 Scout Tower
06:01 Guard Tower
06:02 Scout Tower
06:14 Guard Tower
06:15 Guard Tower
06:17 Scout Tower
06:23 Guard Tower
06:40 Scout Tower
06:51 Guard Tower
07:09 Scout Tower
07:38 Guard Tower
07:39 Scout Tower
08:04 Scout Tower
08:04 Scout Tower
08:05 Scout Tower
08:06 Scout Tower
08:42 Guard Tower
08:43 Scout Tower
09:21 Arcane Tower
09:22 Guard Tower
09:22 Scout Tower
09:24 Arcane Vault
09:26 Guard Tower
09:27 Scout Tower
10:13 Guard Tower
11:37 Town Hall
14:33 Guard Tower
14:34 Scout Tower
15:21 Scout Tower
15:38 Scout Tower
16:04 Arcane Tower
23:42 Scout Tower
23:45 Scout Tower
24:30 Lumber Mill
25:08 Scout Tower
25:13 Scout Tower
25:24 Guard Tower
26:05 Town Hall
27:01 Guard Tower
27:02 Scout Tower
27:04 Scout Tower
» items
                
                | Lesser Clarity Potion | 4 |  | 
| Scroll of Regeneration | 3 |  | 
| Healing Salve | 1 |  | 
                8 total
  
               
              
              
tylersaSOURpuss (
green | 83 APM | 2302 actions | 27:52)
              
 6 Blademaster 
 3 Wind Walk
 2 Critical Strike
 1 Bladestorm
 3 Shadow Hunter 
 2 Hex
 1 Healing Wave
 
                » actions 
                
                | Assign group hotkey | 16 |  | 
| Basic commands | 45 |  | 
| Build / train | 58 |  | 
| ESC pressed | 8 |  | 
| Enter build submenu | 27 |  | 
| Enter hero's abilities submenu | 9 |  | 
| Right click | 1166 |  | 
| Select / deselect | 300 |  | 
| Select group hotkey | 545 |  | 
| Use ability | 128 |  | 
                2302 total
 » units 
                
                | Peon | 31 |  | 
| Raider | 1 |  | 
| Troll Batrider | 6 |  | 
                38 total
 » upgrades
                
                | Ensnare | 1 |  | 
| Spiked Barricades | 1 |  | 
                2 total
 » buildings
                
                | Altar of Storms | 2 |  | 
| Orc Burrow | 11 |  | 
| Voodoo Lounge | 3 |  | 
| Stronghold | 1 |  | 
| War Mill | 2 |  | 
| Beastiary | 2 |  | 
| Watch Tower | 2 |  | 
| Great Hall | 1 |  | 
                24 total
 » build order
                00:04 Altar of Storms
00:13 Orc Burrow
01:15 Voodoo Lounge
02:33 Orc Burrow
02:54 Voodoo Lounge
02:59 Stronghold
03:52 Orc Burrow
04:29 Orc Burrow
05:23 Orc Burrow
05:36 Orc Burrow
07:06 War Mill
08:35 War Mill
08:47 Orc Burrow
08:47 Orc Burrow
09:01 Beastiary
09:02 Beastiary
09:07 Orc Burrow
09:08 Orc Burrow
09:09 Orc Burrow
11:20 Watch Tower
13:01 Voodoo Lounge
15:22 Altar of Storms
17:47 Watch Tower
19:45 Great Hall
» items
                
                | Lesser Clarity Potion | 2 |  | 
| Healing Salve | 1 |  | 
| Orb of Lightning | 1 |  | 
                4 total
  
                Chat log
          
(01:19 / All) DevourPowerDour: *guards his ass*
(01:45 / All) Y-13: clan asss rulezzzzzzzzzzz from rus federations!!!
(02:18 / All) Y-13: relf yfv
(02:21 / All) Y-13: куда нам
(02:40 / All) Y-13: что они тварят)
(25:44 / All) BauerPower: NOOB
(26:51 / All) BauerPower: ty
(26:52 / All) BauerPower: for win
(26:53 / All) BauerPower: i need
(26:59 / All) SourFlowerHour: nice of u
(27:31 / All) SourFlowerHour: how did u lose this
(27:32 / All) BauerPower: leave
(27:35 / All) SourFlowerHour: russia SAX?